[Event "ROC Novacollege-toernooi"]
[Site "Haarlem"]
[Date "2008.06.27"]
[Round "1.23"]
[White "Schroer, Marcel"]
[Black "Duivenvoorden, Ben"]
[Result "1-0"]
[WhiteElo "2115"]
[BlackElo "1702"]
[ECO "E91n"]
[EventDate "2008.06.??"]
[Opening "King's Indian"]
[Variation "Kazakh Variation, 7.O-O c6"]
[TimeControl "120"]
[PlyCount "35"]
[EventType "swiss"]
[EventRounds "6"]
[EventCountry "NED"]

{79MB, power.ctg, FUJITSU} 
1.Nf3 Nf6 2.c4 d6 3.d4 g6 4.Nc3 Bg7 5.e4 O-O 6.Be2 c6 7.O-O Na6 8.Bg5 Nc7 
9.a4 a5 10.Qd2 Bd7 11.e5 Ng4 12.exd6 f6 13.dxc7 Qxc7 14.Bf4 e5 15.Bg3 Bh6 
16.Qc2 Qb6 17.c5 Qb4 18.Na2 1-0

[Event "ROC Novacollege-toernooi"]
[Site "Haarlem"]
[Date "2008.06.28"]
[Round "2.20"]
[White "Engelberts, Bert"]
[Black "Schroer, Marcel"]
[Result "0-1"]
[WhiteElo "1656"]
[BlackElo "2115"]
[ECO "E32n"]
[EventDate "2008.06.??"]
[Opening "Nimzo-Indian"]
[Variation "Classical, 4...O-O 5.a3, 6...b6 7.Bg5"]
[TimeControl "120"]
[PlyCount "69"]
[EventType "swiss"]
[EventRounds "6"]
[EventCountry "NED"]

{79MB, power.ctg, FUJITSU} 
1.d4 Nf6 2.c4 e6 3.Nc3 Bb4 4.Qc2 O-O 5.a3 Bxc3+ 6.Qxc3 b6 7.Bg5 h6 8.Bh4 
Ba6 9.b4 d6 10.f3 c5 11.b5 Bb7 12.Bf2 cxd4 13.Qxd4 Qe7 14.Rd1 d5 15.c5 
bxc5 16.Qxc5 Qxc5 17.Bxc5 Rc8 18.Bd4 Nbd7 19.Bxf6 Nxf6 20.Kd2 a6 21.b6 Rc6
22.Rb1 Nd7 23.e3 Rxb6 24.Rxb6 Nxb6 25.Bd3 Bc6 26.Ne2 Bb5 27.Nc3 Bxd3 28.
Kxd3 Rc8 29.Rb1 Rc6 30.a4 Kf8 31.h3 Ke7 32.g4 Kd7 33.f4 Kc7 34.Rb4 Nd7 35.
Rb3 0-1

[Event "ROC Novacollege-toernooi"]
[Site "Haarlem"]
[Date "2008.06.28"]
[Round "3.7"]
[White "Schroer, Marcel"]
[Black "Pliester, Leon"]
[Result "0-1"]
[WhiteElo "2115"]
[BlackElo "2382"]
[ECO "D34p"]
[EventDate "2008.06.??"]
[Opening "QGD Tarrasch"]
[Variation "9.Bg5 c4"]
[TimeControl "120"]
[PlyCount "79"]
[EventType "swiss"]
[EventRounds "6"]
[EventCountry "NED"]

{79MB, power.ctg, FUJITSU} 
1.Nf3 d5 2.d4 Nf6 3.c4 e6 4.Nc3 c5 5.cxd5 exd5 6.g3 Be7 7.Bg2 O-O 8.O-O Nc6 
9.Bg5 c4 10.Ne5 Be6 11.f4 h6 12.Bxf6 gxf6 13.Nf3 f5 14.e3 Kh7 15.Bh3 Rg8 
16.Qc2 Qc8 17.Nxd5 Kh8 18.Nxe7 Nxe7 19.Kf2 b5 20.a3 a5 21.Bg2 Rb8 22.Rfc1 
Re8 23.Nh4 Rd8 24.Bh3 Kg8 25.Qd1 Rd6 26.Qh5 Bd7 27.Nf3 Rbb6 28.Ne5 Be8 29.
Qh4 f6 30.Nf3 h5 31.Bg2 Qe6 32.Nd2 Nd5 33.Re1 Ne7 34.Bf3 Qf7 35.h3 b4 36.
axb4 Rxb4 37.Rab1 Rdb6 38.b3 c3 39.Nc4 Rxb3 40.Rxb3 
    {wit verliest op tijd.}
0-1

[Event "ROC Novacollege-toernooi"]
[Site "Haarlem"]
[Date "2008.06.28"]
[Round "4.17"]
[White "Leinwand, Eduard"]
[Black "Schroer, Marcel"]
[Result "1/2-1/2"]
[WhiteElo "1744"]
[BlackElo "2115"]
[ECO "E06"]
[EventDate "2008.06.??"]
[Opening "Catalan"]
[Variation "Closed, 6.O-O c6 7.Nc3 b6"]
[TimeControl "120"]
[PlyCount "101"]
[EventType "swiss"]
[EventRounds "6"]
[EventCountry "NED"]

{79MB, power.ctg, FUJITSU} 
1.Nf3 d5 2.d4 Nf6 3.c4 e6 4.Nc3 Be7 5.g3 O-O 6.Bg2 c6 7.O-O b6 8.b3 Ba6 9.
Ne5 Nfd7 10.Nxd7 Nxd7 11.cxd5 cxd5 12.Bb2 Nf6 13.Re1 Rc8 14.a3 Rc7 15.e4 
dxe4 16.Nxe4 Bb7 17.Qd3 Bd5 18.a4 Rd7 19.Qb5 Nxe4 20.Bxe4 Bf6 21.a5 Bxe4 
22.Rxe4 Rd5 23.Qa6 Rxa5 24.Rxa5 bxa5 25.Qxa7 Qd5 26.Re3 h5 27.Qa6 Rb8 28.
Bc3 Rxb3 29.Qxa5 Rb1+ 30.Re1 Qxa5 31.Bxa5 Rxe1+ 32.Bxe1 Bxd4 33.Kg2 g6 34.
h3 Kg7 35.g4 hxg4 36.hxg4 Kf6 37.Kf3 Ke5 38.Ba5 Kd5 39.Ke2 e5 40.f3 e4 41.
Bd8 Bc5 42.Bf6 Bf8 43.Bh4 Bh6 44.Bd8 Bf4 45.Bb6 Bd6 46.Bd8 Ke5 47.Bg5 f6 
48.Bc1 Bc5 49.Bd2 Bd4 50.Bc1 g5 51.Bd2 1/2-1/2

[Event "ROC Novacollege-toernooi"]
[Site "Haarlem"]
[Date "2008.06.29"]
[Round "5.15"]
[White "Schroer, Marcel"]
[Black "Veerman, Jan"]
[Result "1-0"]
[WhiteElo "2115"]
[BlackElo "1900"]
[ECO "D66"]
[EventDate "2008.06.??"]
[Opening "QGD"]
[Variation "Orthodox, Main Line, Fianchetto Variation"]
[TimeControl "120"]
[PlyCount "59"]
[EventType "swiss"]
[EventRounds "6"]
[EventCountry "NED"]

{79MB, power.ctg, FUJITSU} 
1.Nf3 d5 2.d4 Nf6 3.c4 e6 4.Nc3 Be7 5.Bg5 Nbd7 6.e3 O-O 7.Rc1 c6 8.Bd3 
dxc4 9.Bxc4 b5 10.Bd3 Bb7 11.O-O a6 12.a4 Rc8 13.Qe2 b4 14.Nb1 a5 15.Rfd1 
Nb6 16.b3 h6 17.Bxf6 Bxf6 18.e4 g6 19.Qe3 Kg7 20.Nbd2 Re8 21.e5 Be7 22.Ne4
Nd5 23.Qd2 f5 24.exf6+ Bxf6 25.Ne5 Qc7 26.Nxf6 Nxf6 27.Bxg6 Rf8 28.Qf4 Qe7
29.Qg3 Kh8 30.Bf7 1-0